 Dungeon Crawl Stone Soup version 0.28.0 (webtiles) character file.

Game seed: 18290241977470750411

3089 AmazingTV the Covert (level 9, 0/38 (39) HPs)
             Began as a Spriggan Venom Mage on July 5, 2022.
             Was a Follower of Vehumet.
             Slain by a wolf (11 damage)
             ... on level 9 of the Dungeon.
             The game lasted 00:51:40 (11151 turns).

AmazingTV the Covert (Spriggan Venom Mage)         Turns: 11151, Time: 00:51:40

HP:   0/38 (39)     AC:  2    Str: 17    XL:     9   Next: 59%
MP:   20/20         EV: 37    Int: 16    God:    Vehumet [*.....]
Gold: 99            SH:  0    Dex: 18    Spells: 14/21 levels left

rFire   . . .      SeeInvis +   b - +6 dagger of Turmoil {vorpal, *Noise rC++ Str+5, short}
rCold   + + .      Faith    .   (no shield)
rNeg    . . .      Spirit   .   c - +0 robe
rPois   .          Reflect  .   (helmet restricted)
rElec   .          Harm     .   (no cloak)
rCorr   .          Rampage  .   (gloves unavailable)
Will    +....                   (boots unavailable)
Stlth   ++++......              i - amulet of the acrobat
HPRegen 0.12/turn               r - +6 ring of strength
MPRegen 0.17/turn               (no ring)

@: acrobatic, lightly drained, very quick
A: very small, no large weapons, unfitting armour, see invisible, speed 3
a: Renounce Religion


You were on level 9 of the Dungeon.
You worshipped Vehumet.
Vehumet was aware of your devotion.
You visited 2 branches of the dungeon, and saw 10 of its levels.

You collected 392 gold pieces.
You spent 293 gold pieces at shops.


Innate Abilities, Weirdness & Mutations

You are very small and have problems with some larger weapons.
You are too small for most types of armour.
You have supernaturally acute eyesight. (SInv)
You cover ground extremely quickly. (Speed+++)


   Skills:
 + Level 5.7 Short Blades
 + Level 7.5 Dodging
 + Level 9.0 Stealth
 + Level 6.9 Spellcasting
 + Level 7.0 Transmutations
 + Level 2.0 Air Magic
 + Level 6.2 Poison Magic


You had 14 spell levels left.
You knew the following spells:

 Your Spells              Type           Power      Damage    Failure   Level
a - Sting                 Tmut/Pois      100%       1d8       1%          1
b - Poisonous Vapours     Pois/Air       36%        N/A       3%          2
c - Olgreb's Toxic Radia  Pois           25%        N/A       10%         4

Your spell library contained the following spells:

 Spells                   Type           Power      Damage    Failure   Level
 Shock                    Conj/Air       32%        1d5       9%          1
 Ignite Poison            Fire/Tmut/Pois 19%        N/A       6%          3
 Mephitic Cloud           Conj/Pois/Air  14%        N/A       12%         3
 Call Canine Familiar     Summ           5%         N/A       36%         3
 Confusing Touch          Hex            5%         N/A       36%         3
 Dazzling Flash           Conj/Hex       10%        N/A       36%         3
 Portal Projectile        Hex/Tloc       10%        N/A       36%         3
 Yara's Violent Unravell  Hex/Tmut       8%         3d5       63%         5
 Leda's Liquefaction      Hex/Erth       2%         N/A       77%         4
 Silence                  Hex/Air        4%         N/A       92%         5
 Freezing Cloud           Conj/Ice/Air   3%         6-21      95%         5
 Agony                    Necr           5%         N/A       98%         5
 Enfeeble                 Hex            2%         N/A       100%        7

Inventory:

Hand Weapons
 a - a +2 dagger of speed {short}
   (You took it off an orc wizard on level 4 of the Dungeon)
 b - the +6 dagger of Turmoil (weapon) {vorpal, *Noise rC++ Str+5, short}
   (You found it on level 6 of the Dungeon)

   It inflicts extra damage upon your enemies.
   Str:       It affects your strength (+5).
   rC:        It greatly protects you from cold.
   *Noise:    It may make noises in combat.
 q - a +0 dagger {short}
   (You took it off a goblin on level 1 of the Dungeon)
 s - a +3 dagger {short}
   (You took it off a kobold on level 4 of the Dungeon)
Missiles
 d - 133 stones
 m - 11 poisoned darts
 o - a throwing net {=f!f}
 u - 25 arrows
 A - 74 sling bullets
 J - a curare-tipped dart {=f}
 N - 3 atropa-tipped darts
Armour
 c - a +0 robe (worn)
 f - a +0 buckler
   (You found it on level 2 of the Dungeon)
 g - a +0 cloak
   (You found it on level 2 of the Dungeon)
 B - a scarf of invisibility
   (You found it on level 6 of the Dungeon)
 K - +0 ice dragon scales
   (You found it on level 7 of the Dungeon)
Magical Staves
 w - a staff of fire {!astaff}
   (You found it on level 5 of the Dungeon)
 M - a staff of conjuration {!astaff}
   (You found it on level 8 of the Dungeon)
Jewellery
 i - an amulet of the acrobat (around neck)
   (You found it on level 2 of the Dungeon)
 r - a +6 ring of strength (left hand)
   (You took it off an orc on level 4 of the Dungeon)
 x - an amulet of reflection
   (You found it on level 6 of the Dungeon)
 I - a ring of ice
   (You found it on level 7 of the Dungeon)
 O - an amulet of magic regeneration
   (You found it on level 9 of the Dungeon)
Wands
 v - a wand of acid (22)
   (You found it on level 7 of the Dungeon)
 y - a wand of digging (4)
   (You found it on level 6 of the Dungeon)
 E - a wand of iceblast (7)
   (You bought it in a shop on level 6 of the Dungeon)
Scrolls
 e - 5 scrolls of identify {@r1}
 k - 2 scrolls of enchant armour {unknown}
 l - 2 scrolls of fear {unknown}
 n - 3 scrolls of teleportation {unknown}
 p - a scroll of blinking {unknown}
 z - a scroll of amnesia {unknown}
 C - a scroll of fog {unknown}
 D - a scroll of noise {unknown}
 H - a scroll of magic mapping {unknown}
 L - a scroll of summoning {unknown}
Potions
 h - 2 potions of haste {unknown}
 j - 4 potions of curing {@q1}
 t - 2 potions of lignification {unknown}
 F - a potion of flight
 G - 2 potions of attraction {!q}

Dungeon Overview and Level Annotations

Branches:
Dungeon (9/15)             Temple (1/1) D:6
   Lair: D:8-11         Orc: D:9-12

Altars:
Ashenzari
Cheibriados
Dithmenos
Fedhas
Gozag
Hepliaklqana
Kikubaaqudgha
Makhleb
Okawaru
Qazlal
Ru
Trog
Uskayaw
Vehumet
Wu Jian
Xom
Yredelemnul
The Shining One

Shops:
D:6 *   D:7 !   D:8 *

Annotations:
D:7 Joseph

#. #.######
#......# #......#
##......##########
....≈...)..)...z.#
....≈≈..########.#
...≈≈..h# #.#
....≈≈.@# #.#
.....≈..# #.#
........# #z#
≈≈......# #.#
........# #z#
..........# #.#
....########## #.#
#............# #.#
#......z.....####.#


You could see a wolf (poisoned).


Message History

You hit the orc warrior but do no damage.
You hit the orc warrior. The orc warrior misses you.
You barely miss the orc warrior. You barely miss the orc warrior.
The orc warrior completely misses you.
The orc warrior looks more healthy.
You barely miss the orc warrior.
Your dagger of Turmoil complains about the scenery.
The orc warrior closely misses you.
The sting hits the orc warrior.
The orc warrior is poisoned.
The orc warrior misses you. 😎 MP[-1]
You lost 1 mp, and now have 19/20 mp.
The sting hits the orc warrior but does no damage.
The orc warrior looks even sicker.
You kill the orc warrior!
Vehumet accepts your kill.
A wight comes into view.
It is wielding a +4 falchion of freezing.
Your Transmutations skill increases to level 7!
Your Air Magic skill increases to level 2! 😎 MP[-1]
You lost 1 mp, and now have 18/20 mp.
Things that are here:
a +0 scimitar {long}; a +0 plate armour; 😎 MP[+1]
You start resting.
A wight is nearby!
A wolf comes into view.
The wolf moves out of view.
A wight comes into view. It is wielding a +2 hand axe.
The wolf howls!
You hit the wight. You punch the wight.
A wight comes into view. It is wielding a +0 dagger.
The wight misses you. 😎 MP[+1]
Your mp is fully restored (20).
Things that are here:
a +0 scimitar {long}; a +0 plate armour The wight completely misses you.
You hit the wight but do no damage. The wight misses you.
You hit the wight but do no damage.
The sting hits the wight.
The wight partially resists.
The wight closely misses you. 😎 MP[-1]
You lost 1 mp, and now have 19/20 mp.
Aiming: Sting (safe; 1% risk of failure)
Press: ? - help, Q - select action, (/) - cycle Shift-Dir - straight line, f - wolf, p - wight
Aim: a wolf (63% to hit)
The sting hits the wight but does no damage.
The wight hits you with a +4 falchion of freezing! 😕 HP[-7] MP[-1]
You take 7 damage, and now have 32/39 hp.
You lost 1 mp, and now have 18/20 mp.
You puncture the wight! The wight completely misses you.
You barely miss the wight.
The wight hits you with a +4 falchion of freezing!
You feel drained. 😮 HP[-13]
You now have 37 max hp (-2).
You take 13 damage, and now have 19/37 hp.
MASSIVE DAMAGE!! (PAUSE)
You hit the wight.
You destroy the wight!
Vehumet accepts your kill.
You feel your power returning.
Your Stealth skill increases to level 9! 😨 MP[+1]
You now have 38 max hp (+1). 😨 MP[+1]
Your mp is fully restored (20).
The wolf completely misses you.
You are too injured to fight recklessly!
Aiming: Sting (safe; 1% risk of failure)
Press: ? - help, Q - select action, (/) - cycle Shift-Dir - straight line, f/p - wolf
Aim: a wolf (63% to hit)
The sting hits the wolf.
The wolf is poisoned.
The wolf closely misses you. 😮 HP[+1] MP[-1]
You lost 1 mp, and now have 19/20 mp.
Aiming: Sting (safe; 1% risk of failure)
Press: ? - help, Q - select action, (/) - cycle Shift-Dir - straight line, f/p - wolf
Aim: a wolf (moderately wounded, poisoned, 63% to hit)
The sting hits the wolf but does no damage.
The wolf looks even sicker.
The wolf barely misses you. The wolf misses you.
You see here a +0 club {mace}. 😮 HP[+1]
Things that are here:
a +0 club {mace}; an orc corpse You hit the wolf.
Your dagger of Turmoil pants and wheezes.
You hear a shout!
You hear a bark! x3; You hear a shout!
You hear a bark! x2
You hear an angry hiss.
The wolf bites you!
* * * LOW HITPOINT WARNING * * *
😨 HP[-10]
You take 10 damage, and now have 11/38 hp.
MASSIVE DAMAGE!! (PAUSE) 😨 MP[+1]
Your mp is fully restored (20).
The wolf bites you!
You die...

Skill      XL: |  1  2  3  4  5  6  7  8  9 |
---------------+----------------------------+-----
Dodging        | 3 4 5 6 7 |  7.5
Spellcasting   | 3 4 5 6 |  6.9
Short Blades   | 1 2 3 5 |  5.7
Transmutations | 2 3 4 6 7 |  7.0
Stealth        | 4 5 6 8 9 |  9.0
Poison Magic   | 4 5 6 |  6.2
Air Magic      | 2 |  2.0

Action                   |  1- 3 |  4- 6 |  7- 9 || total
-------------------------+-------+-------+-------++-------
Melee: Unarmed           |     9 |       |       ||     9
       Dagger            |    98 |   111 |   186 ||   395
       Punch             |     1 |     2 |     9 ||    12
 Cast: Sting             |    41 |    52 |    78 ||   171
       Poisonous Vapours |       |    14 |     3 ||    17
       Olgreb's Toxic Ra |       |       |     1 ||     1
  Use: Scroll            |       |       |     2 ||     2
       Potion            |       |       |     1 ||     1
 Stab: Sleeping          |     9 |    14 |     8 ||    31
       Distracted        |       |       |     3 ||     3
Armor: Robe              |    17 |     1 |    10 ||    28
Dodge: Dodged            |    91 |    58 |   175 ||   324

Levels and vault maps discovered:
D:1:      dpeg_arrival_ternary, layout_loops_ring, feat_on_display
D:2:      layout_basic, chequers_decorated_corner, st_stairs_2
D:3:      layout_rooms, interstate_on_off, nicolae_elevator_lobby_asterisk
D:4:      cheibrodos_fertilizer, layout_loops_ring, minmay_fountain_box
D:5:      layout_loops_cross, hangedman_abyss_or_decor_stagger
D:6:      layout_loops_corners, minmay_temple_entry_overgrown, serial_shops,
          nicolae_lakefront_shop, amcnicky_mini_rare_corridor_liquid,
          st_stairs_7
D:7:      layout_basic, serial_shops, shop, kennysheep_generic_room_7,
          uniq_joseph, uniq_pikel, uniq_duvessa
D:8:      layout_rooms, regret_index_temple_of_mockery, serial_shops, shop,
          nicolae_shop_hallway_plus, shop, shop
D:9:      layout_basic, grunt_temple_overflow_open, erik_lair_island,
          orc_david_3
Temple:   eino_temple_rhombus

Notes
Turn   | Place    | Note
-------+----------+-------------------------------------------
     0 | D:1      | AmazingTV the Spriggan Venom Mage began the quest for the
                  | Orb.
     0 | D:1      | Reached XP level 1. HP: 9/9 MP: 5/5
     0 | D:1      | magus.rc [v1.9.6]
   294 | D:1      | Reached XP level 2. HP: 13/13 MP: 1/6
   593 | D:1      | Reached skill level 3 in Dodging
   733 | D:1      | Reached skill level 3 in Spellcasting
   804 | D:1      | Reached skill level 1 in Short Blades
   821 | D:1      | Reached skill level 2 in Transmutations
  1117 | D:2      | Reached XP level 3. HP: 14/16 MP: 6/8
  2591 | D:3      | Reached XP level 4. HP: 21/21 MP: 7/9
  2594 | D:3      | Learned a level 2 spell: Poisonous Vapours
  2737 | D:3      | Reached skill level 4 in Stealth
  3612 | D:4      | Reached skill level 2 in Short Blades
  3612 | D:4      | Reached XP level 5. HP: 18/24 MP: 8/11
  4110 | D:4      | Reached skill level 3 in Transmutations
  4433 | D:4      | Reached skill level 4 in Dodging
  4780 | D:4      | Reached XP level 6. HP: 13/28 MP: 7/12
  5086 | D:4      | Reached skill level 5 in Stealth
  5169 | D:4      | Learned a level 4 spell: Olgreb's Toxic Radiance
  5182 | D:5      | Entered Level 5 of the Dungeon
  5251 | D:5      | You add the spells Ignite Poison and Freezing Cloud to your
                  | library.
  5329 | D:5      | Reached skill level 4 in Spellcasting
  5329 | D:5      | Reached skill level 4 in Poison Magic
  5924 | D:5      | You pick up a book of Misfortune and begin reading...
  5924 | D:5      | You add the spells Confusing Touch, Yara's Violent
                  | Unravelling and Enfeeble to your library.
  6310 | D:6      | Noticed a sky beast
  6313 | D:6      | Killed a sky beast
  6314 | D:6      | Reached skill level 3 in Short Blades
  6314 | D:6      | Reached skill level 4 in Transmutations
  6314 | D:6      | Reached XP level 7. HP: 32/32 MP: 14/14
  6535 | D:6      | Reached skill level 5 in Dodging
  6569 | D:6      | Reached skill level 6 in Stealth
  6810 | D:6      | Identified the +6 dagger of Turmoil {vorpal, *Noise rC++
                  | Str+5}
  6842 | D:6      | Found a staircase to the Ecumenical Temple.
  6854 | Temple   | Entered the Ecumenical Temple
  7039 | Temple   | Became a worshipper of Vehumet
  7601 | D:6      | Found Zenak's Assorted Antiques.
  7610 | D:6      | Bought a scroll labelled POJ UCOPPIO for 25 gold pieces
  7610 | D:6      | Bought a scroll labelled KEANOGGIRYA for 25 gold pieces
  7610 | D:6      | Bought a brass wand for 100 gold pieces
  8125 | D:7      | Found Umam's Distillery.
  8128 | D:7      | Noticed a steam dragon
  8169 | D:7      | Killed a steam dragon
  8170 | D:7      | Reached skill level 5 in Spellcasting
  8368 | D:7      | Noticed Joseph
  8368 | D:7      | Noticed Pikel
  8439 | D:7      | Reached XP level 8. HP: 36/36 MP: 16/16
  8537 | D:7      | Reached skill level 4 in Short Blades
  8537 | D:7      | Reached skill level 5 in Transmutations
  8586 | D:7      | Bought a potion of flight for 39 gold pieces
  8586 | D:7      | Bought a potion of attraction for 39 gold pieces
  8586 | D:7      | Bought a potion of heal wounds for 65 gold pieces
  8795 | D:6      | Reached skill level 7 in Stealth
  8984 | D:7      | HP: 5/36 [Joseph (15)]
  9222 | D:7      | Killed Pikel
  9223 | D:7      | Reached skill level 6 in Dodging
  9223 | D:7      | Reached skill level 5 in Poison Magic
  9432 | D:7      | You pick up a book of the Senses and begin reading...
  9432 | D:7      | You add the spells Dazzling Flash, Agony and Silence to
                  | your library.
  9446 | D:7      | Noticed Duvessa
  9446 | D:7      | Noticed Dowan
  9487 | D:7      | Killed Duvessa
  9488 | D:7      | Reached skill level 6 in Spellcasting
  9488 | D:7      | Reached skill level 6 in Transmutations
  9675 | D:7      | Reached skill level 8 in Stealth
  9731 | D:7      | You fall into a shaft and drop 1 floor!
  9824 | D:7      | Reached skill level 5 in Short Blades
  9905 | D:7      | Killed Dowan
 10155 | D:7      | You pick up a book of the Hunter and begin reading...
 10155 | D:7      | You add the spells Call Canine Familiar, Portal Projectile
                  | and Leda's Liquefaction to your library.
 10216 | D:7      | Reached XP level 9. HP: 34/39 MP: 16/19
 10591 | D:8      | Found a shimmering altar of Xom.
 10592 | D:8      | Found a hazy altar of Hepliaklqana.
 10592 | D:8      | Noticed a two-headed ogre
 10593 | D:8      | Noticed a spectral ugly thing
 10593 | D:8      | Noticed a two-headed ogre
 10627 | D:8      | Reached skill level 1 in Air Magic
 10647 | D:8      | Found Laquhush's General Store.
 10703 | D:8      | Reached skill level 7 in Dodging
 10729 | D:8      | Noticed a two-headed ogre
 10733 | D:8      | Identified the +1 mace of Extermination {venom, rC++ Str-2
                  | Dex+5}
 10791 | D:9      | Noticed a two-headed ogre
 10796 | D:9      | Reached * piety under Vehumet
 10796 | D:9      | Offered knowledge of Shock by Vehumet.
 10818 | D:9      | Killed a two-headed ogre
 10819 | D:9      | Reached skill level 6 in Poison Magic
 11098 | D:9      | Reached skill level 7 in Transmutations
 11098 | D:9      | Reached skill level 2 in Air Magic
 11126 | D:9      | Reached skill level 9 in Stealth
 11151 | D:9      | Slain by a wolf

Vanquished Creatures
  A two-headed ogre (D:9)
  Pikel (D:7)
  A steam dragon (D:7)
  Duvessa (D:7)
  An ice beast (D:7)
  An orc warrior (D:9)
  A sky beast (D:6)
  2 lemures (D:7)
  A kobold brigand (D:7)
  A scorpion (D:7)
  2 bullfrogs
  A wyvern skeleton (D:5)
  Dowan (D:7)
  9 wights
  7 jellies
  A centaur zombie (D:6)
  3 hounds (D:6)
  A centaur skeleton (D:6)
  A bullfrog skeleton (D:5)
  3 iguanas
  4 orc wizards
  A hound skeleton (D:5)
  A howler monkey zombie (D:8)
  7 gnolls
  5 adders
  2 white imps
  An adder skeleton (D:4)
  A worm (D:4)
  2 dart slugs
  17 orcs
  14 endoplasms
  6 giant cockroaches
  3 goblins
  8 hobgoblins
  3 quokkas
  8 ball pythons
  5 bats
  3 frilled lizards (D:1)
  15 kobolds
  4 rats
150 creatures vanquished.

Vanquished Creatures (others)
  6 fungi (D:4)
  7 toadstools (D:4)
13 creatures vanquished.

Grand Total: 163 creatures vanquished

Table legend:
 A = Non-vault XP
 B = Vault XP
 C = Vault XP percentage of total XP
 D = Non-vault monster count
 E = Vault monster count
 F = Vault count percentage of total count
                 A         B        C        D         E       F
            +---------+---------+-------+---------+---------+-------
      Total |    3192 |    1222 |  27.7 |     124 |      24 |  16.2
            +---------+---------+-------+---------+---------+-------
        D:1 |      36 |       0 |   0.0 |      23 |       0 |   0.0
        D:2 |      55 |       4 |   6.8 |      17 |       2 |  10.5
        D:3 |      52 |       0 |   0.0 |      10 |       0 |   0.0
        D:4 |     168 |     116 |  40.8 |      18 |      16 |  47.1
        D:5 |     236 |       0 |   0.0 |      10 |       0 |   0.0
        D:6 |     655 |      43 |   6.2 |      16 |       1 |   5.9
        D:7 |     543 |    1059 |  66.1 |      13 |       5 |  27.8
        D:8 |     349 |       0 |   0.0 |       8 |       0 |   0.0
        D:9 |    1098 |       0 |   0.0 |       9 |       0 |   0.0
            +---------+---------+-------+---------+---------+-------

Illustrated notes

Table legend:
 A = Kills in this place as a percentage of kills in entire the game.
 B = Kills by you in this place as a percentage of kills by you in the entire game.
 C = Kills by friends in this place as a percentage of kills by friends in the entire game.
 D = Other kills in this place as a percentage of other kills in the entire game.
 E = Experience gained in this place as a percentage of experience gained in the entire game.
 F = Experience gained in this place divided by the number of levels of this place that you have seen.
                   A       B       C       D       E      F
               +-------+-------+-------+-------+-------+----------------------
         Total | 100.0 | 100.0 |   N/A |   N/A | 100.0 | 441.4
       Dungeon | 100.0 | 100.0 |   N/A |   N/A | 100.0 | 490.4
               +-------+-------+-------+-------+-------+----------------------

Table legend: (Time is in decaauts)
 A = Elapsed time spent in this place.
 B = Non-inter-level travel time spent in this place.
 C = Inter-level travel time spent in this place.
 D = Time resting spent in this place.
 E = Time spent auto-exploring this place.
 F = Levels seen in this place.
 G = Mean time per level.
                   A        B        C        D        E       F      G
               +--------+--------+--------+--------+--------+-----+--------+
         Total |   8622 |   8327 |    295 |   3505 |   3067 |  10 |  862.2 |
       Dungeon |   8492 |   8228 |    264 |   3505 |   2978 |   9 |  943.6 |
        Temple |    129 |     99 |     30 |      0 |     88 |   1 |  129.0 |
               +--------+--------+--------+--------+--------+-----+--------+

Top non-repeatable levels by time:
     D:6: 1636 daAuts
     D:4: 1426 daAuts
     D:7: 1353 daAuts
     D:2: 1227 daAuts
     D:5: 962 daAuts
     D:1: 780 daAuts
     D:3: 576 daAuts
     D:9: 327 daAuts
     D:8: 202 daAuts
  Temple: 129 daAuts
